3AAA
PURE MICHIGAN GREAT LAKERS @ SIOUX FALLS RED PANDAS
08/30/2030
 
TOP OF THE 1ST
Pure Michigan Great Lakers batting - Pitching for Sioux Falls Red Pandas : RHP António Rodríguez
Pitching: RHP António Rodríguez
Batting: LHB Yoichibei Sato 0-0: Ball
1-0: Ball
2-0: Ball
3-0: Called Strike
3-1: DOUBLE (Line Drive, 89XD)
Batting: RHB Martín Alejadre 0-0: Called Strike
0-1: Called Strike
0-2: Foul Ball, location: 2F
0-2: Strikes out swinging
Batting: LHB Josh Platt 0-0: Ball
1-0: SINGLE (Line Drive, 34)
Yoichibei Sato to third
Runner from 3rd tries for Home, SAFE, no throw
Batting: LHB Floyd Long 0-0: Foul Ball, location: 2F
0-1: Ball
1-1: Ball
2-1: Foul Ball, location: 2F
2-2: Fly out, F9 (Flyball, 9LM)
Batting: RHB Kenneth Noid 0-0: Called Strike
0-1: Swinging Strike
0-2: Ball
1-2: Fielders Choice at 2nd, 6-4 (Groundball, 6)
Top of the 1st over - 1 run, 2 hits, 0 errors, 1 left on base; Pure Michigan 1 - Sioux Falls 0
BOTTOM OF THE 1ST
Sioux Falls Red Pandas batting - Pitching for Pure Michigan Great Lakers : RHP Martín Flores
Pitching: RHP Martín Flores
Batting: RHB Dave Henderson 0-0: Ground out 5-3 (Groundball, 56S)
Batting: LHB José León 0-0: Ball
1-0: Foul Ball, location: 2F
1-1: Ball
2-1: Foul Ball, location: 2F
2-2: Ground out 4-3 (Groundball, 4)
Batting: RHB Lorenzo Díaz 0-0: Ball
1-0: Ball
2-0: Ball
3-0: Called Strike
3-1: Base on Balls
Batting: SHB Xavier Vásquez 0-0: Foul Ball, location: 2F
0-1: Ball
1-1: Called Strike
1-2: SINGLE (Line Drive, 3)
Lorenzo Díaz to second
Batting: LHB José Vargas 0-0: Fly out, F5 (Popup, 5SF)
Bottom of the 1st over - 0 runs, 1 hit, 0 errors, 2 left on base; Pure Michigan 1 - Sioux Falls 0
TOP OF THE 2ND
Pure Michigan Great Lakers batting - Pitching for Sioux Falls Red Pandas : RHP António Rodríguez
Batting: RHB Ramiro Gonzáles 0-0: Ball
1-0: Swinging Strike
1-1: Foul Ball, location: 2F
1-2: SINGLE (Groundball, 34D)
Batting: RHB Zong-yuan Fung 0-0: Called Strike
0-1: Ball
1-1: Called Strike
1-2: Strikes out swinging
Batting: LHB César Muñóz 0-0: Swinging Strike
0-1: Ball
1-1: Ball
2-1: Called Strike
2-2: DOUBLE (Flyball, 89D)
Ramiro Gonzáles to third
Batting: SHB Jesús Román 0-0: Ball
1-0: Swinging Strike
1-1: Foul Ball, location: 2F
1-2: Ball
2-2: Strikes out swinging
Batting: LHB Yoichibei Sato 0-0: Ball
1-0: SINGLE (Groundball, 34S) (infield hit)
Ramiro Gonzáles scores
César Muñóz to third
Batting: RHB Martín Alejadre 0-0: Called Strike
0-1: Ball
1-1: Fly out, F7 (Flyball, 78M)
Top of the 2nd over - 1 run, 3 hits, 0 errors, 2 left on base; Pure Michigan 2 - Sioux Falls 0
BOTTOM OF THE 2ND
Sioux Falls Red Pandas batting - Pitching for Pure Michigan Great Lakers : RHP Martín Flores
Batting: LHB Augustus Driscoll 0-0: Ball
1-0: Ground out 6-3 (Groundball, 6M)
Batting: RHB Pedro Morales 0-0: Ball
1-0: Called Strike
1-1: Foul Ball, location: 2F
1-2: Ground out 6-3 (Groundball, 6)
Batting: LHB Mike Goff 0-0: Called Strike
0-1: Ball
1-1: Called Strike
1-2: Fly out, F4 (Popup, 34)
Bottom of the 2nd over - 0 runs, 0 hits, 0 errors, 0 left on base; Pure Michigan 2 - Sioux Falls 0
TOP OF THE 3RD
Pure Michigan Great Lakers batting - Pitching for Sioux Falls Red Pandas : RHP António Rodríguez
Batting: LHB Josh Platt 0-0: DOUBLE (Groundball, 5L)
Batting: LHB Floyd Long 0-0: Ball
1-0: Foul Ball, location: 2F
1-1: Foul Ball, location: 2F
1-2: Fly out, F4 (Popup, 4)
Batting: RHB Kenneth Noid 0-0: Ball
1-0: Called Strike
1-1: Ball
2-1: Swinging Strike
2-2: Ball
3-2: Ground out 2-3 (Groundball, 2R)
Josh Platt to third
Batting: RHB Ramiro Gonzáles 0-0: Swinging Strike
0-1: Ball
1-1: Swinging Strike
1-2: Foul Ball, location: 2F
1-2: Foul Ball, location: 2F
1-2: Strikes out swinging
Top of the 3rd over - 0 runs, 1 hit, 0 errors, 1 left on base; Pure Michigan 2 - Sioux Falls 0
BOTTOM OF THE 3RD
Sioux Falls Red Pandas batting - Pitching for Pure Michigan Great Lakers : RHP Martín Flores
Batting: RHB Luis Alomar 0-0: Ball
1-0: Ball
2-0: Called Strike
2-1: Called Strike
2-2: Ball
3-2: Fly out, F7 (Flyball, 78S)
Batting: RHB Dave Henderson 0-0: Ball
1-0: Fly out, F8 (Flyball, 8LD)
Batting: LHB José León 0-0: Ball
1-0: Fly out, F8 (Flyball, 8RXD)
Bottom of the 3rd over - 0 runs, 0 hits, 0 errors, 0 left on base; Pure Michigan 2 - Sioux Falls 0
TOP OF THE 4TH
Pure Michigan Great Lakers batting - Pitching for Sioux Falls Red Pandas : RHP António Rodríguez
Batting: RHB Zong-yuan Fung 0-0: Swinging Strike
0-1: Ball
1-1: Ground out 6-3 (Groundball, 6)
Batting: LHB César Muñóz 0-0: Ball
1-0: Ball
2-0: Ball
3-0: Base on Balls
Batting: SHB Jesús Román 0-0: Ball
1-0: Called Strike
1-1: Called Strike
1-2: Ball
2-2: Foul Ball, location: 2F
2-2: Foul Ball, location: 2F
2-2: Ball
3-2: Foul Ball, location: 2F
3-2: Base on Balls
César Muñóz to second
Pitching: LHP Adrian Neumann
Batting: LHB Yoichibei Sato 0-0: Ball
Wild Pitch!
César Muñóz to third
Jesús Román to second
1-0: Ball
2-0: Ball
3-0: Base on Balls
Batting: RHB Martín Alejadre 0-0: Ball
1-0: Ball
2-0: Fly out, F2 (Popup, 23F)
Batting: LHB Josh Platt 0-0: Ball
1-0: Ball
2-0: Foul Ball, location: 2F
2-1: Ball
3-1: Base on Balls
César Muñóz scores
Jesús Román to third
Yoichibei Sato to second
Batting: LHB Floyd Long 0-0: Called Strike
0-1: Swinging Strike
0-2: Ball
1-2: Foul Ball, location: 2F
1-2: Ball
2-2: Strikes out swinging
Top of the 4th over - 1 run, 0 hits, 0 errors, 3 left on base; Pure Michigan 3 - Sioux Falls 0
BOTTOM OF THE 4TH
Sioux Falls Red Pandas batting - Pitching for Pure Michigan Great Lakers : RHP Martín Flores
Batting: RHB Lorenzo Díaz 0-0: Ground out 5-3 (Groundball, 56)
Batting: SHB Xavier Vásquez 0-0: Ground out 4-3 (Groundball, 4)
Batting: LHB José Vargas 0-0: Ball
1-0: Ground out 4-3 (Groundball, 4)
Bottom of the 4th over - 0 runs, 0 hits, 0 errors, 0 left on base; Pure Michigan 3 - Sioux Falls 0
TOP OF THE 5TH
Pure Michigan Great Lakers batting - Pitching for Sioux Falls Red Pandas : LHP Adrian Neumann
Batting: RHB Kenneth Noid 0-0: Ball
1-0: Ball
2-0: Ball
3-0: Base on Balls
Batting: RHB Ramiro Gonzáles 0-0: Ball
1-0: Fly out, F7 (Flyball, 7S)
Batting: RHB Zong-yuan Fung 0-0: Ball
1-0: Ball
Kenneth Noid steals 2nd base
2-0: Ball
3-0: Called Strike
3-1: Base on Balls
Batting: LHB César Muñóz 0-0: Ball
1-0: Called Strike
1-1: SINGLE (Groundball, 34D)
Kenneth Noid to third
Zong-yuan Fung to second
Runner from 3rd tries for Home, SAFE, no throw
Batting: SHB Jesús Román 0-0: Ball
1-0: Swinging Strike
1-1: Swinging Strike
1-2: Foul Ball, location: 2F
1-2: Ball
2-2: Foul Ball, location: 2F
2-2: Strikes out swinging
Batting: LHB Yoichibei Sato 0-0: Called Strike
0-1: Fly out, F9 (Line Drive, 9)
Top of the 5th over - 1 run, 1 hit, 0 errors, 2 left on base; Pure Michigan 4 - Sioux Falls 0
BOTTOM OF THE 5TH
Sioux Falls Red Pandas batting - Pitching for Pure Michigan Great Lakers : RHP Martín Flores
Batting: LHB Augustus Driscoll 0-0: Ball
1-0: Ball
2-0: Called Strike
2-1: Fly out, F2 (Popup, 2LF)
Batting: RHB Pedro Morales 0-0: Ball
1-0: Ground out 6-3 (Groundball, 6)
Batting: LHB Mike Goff 0-0: Called Strike
0-1: Ball
1-1: Ball
2-1: Called Strike
2-2: Ball
3-2: Base on Balls
Batting: RHB Luis Alomar 0-0: Swinging Strike
0-1: Ball
1-1: Ball
2-1: Reached via error on a dropped throw, E1
Mike Goff to second
Batting: RHB Dave Henderson 0-0: Called Strike
0-1: Fly out, F6 (Line Drive, 6)
Bottom of the 5th over - 0 runs, 0 hits, 1 error, 2 left on base; Pure Michigan 4 - Sioux Falls 0
TOP OF THE 6TH
Pure Michigan Great Lakers batting - Pitching for Sioux Falls Red Pandas : LHP Adrian Neumann
Pitching: LHP Hwen-thiang Qin
Batting: RHB Martín Alejadre 0-0: Called Strike
0-1: Ball
1-1: Foul Ball, location: 2F
1-2: Foul Ball, location: 2F
1-2: Strikes out looking
Batting: LHB Josh Platt 0-0: Called Strike
0-1: Swinging Strike
0-2: Fly out, F5 (Popup, 15)
Batting: LHB Floyd Long 0-0: Ball
1-0: Ball
2-0: Ball
3-0: Base on Balls
Batting: RHB Kenneth Noid 0-0: Ball
1-0: Fly out, F4 (Popup, 34)
Top of the 6th over - 0 runs, 0 hits, 0 errors, 1 left on base; Pure Michigan 4 - Sioux Falls 0
BOTTOM OF THE 6TH
Sioux Falls Red Pandas batting - Pitching for Pure Michigan Great Lakers : RHP Martín Flores
Batting: LHB José León 0-0: Foul Ball, location: 2F
0-1: Swinging Strike
0-2: Ball
1-2: Ball
2-2: Foul Ball, location: 2F
2-2: Foul Ball, location: 2F
2-2: Fly out, F6 (Popup, 6D)
Batting: RHB Lorenzo Díaz 0-0: Swinging Strike
0-1: Fly out, F7 (Flyball, 7)
Batting: SHB Xavier Vásquez 0-0: Called Strike
0-1: Ball
1-1: Ball
2-1: Called Strike
2-2: SINGLE (Groundball, 4) (infield hit)
Batting: LHB José Vargas 0-0: Ball
1-0: Foul Ball, location: 2F
1-1: Ball
2-1: Foul Ball, location: 2F
2-2: Foul Ball, location: 2F
2-2: Foul Ball, location: 2F
2-2: Ball
3-2: SINGLE (Flyball, 8RS)
Xavier Vásquez to second
Xavier Vásquez to third
Batting: LHB Augustus Driscoll 0-0: Foul Ball, location: 2F
0-1: Ball
1-1: Ground out U3 (Groundball, 3S)
Bottom of the 6th over - 0 runs, 2 hits, 0 errors, 2 left on base; Pure Michigan 4 - Sioux Falls 0
TOP OF THE 7TH
Pure Michigan Great Lakers batting - Pitching for Sioux Falls Red Pandas : LHP Hwen-thiang Qin
Batting: RHB Ramiro Gonzáles 0-0: Ball
1-0: Ball
2-0: Ball
3-0: Called Strike
3-1: Called Strike
3-2: Fly out, F7 (Flyball, 7S)
Batting: RHB Zong-yuan Fung 0-0: Ball
1-0: Foul Ball, location: 2F
1-1: Ball
2-1: Foul Ball, location: 2F
2-2: Strikes out swinging
Batting: LHB César Muñóz 0-0: Ball
1-0: Ball
2-0: Swinging Strike
2-1: Ball
3-1: Foul Ball, location: 2F
3-2: Strikes out swinging
Top of the 7th over - 0 runs, 0 hits, 0 errors, 0 left on base; Pure Michigan 4 - Sioux Falls 0
BOTTOM OF THE 7TH
Sioux Falls Red Pandas batting - Pitching for Pure Michigan Great Lakers : RHP Martín Flores
Batting: RHB Pedro Morales 0-0: Ball
1-0: Called Strike
1-1: Ball
2-1: Ball
3-1: Foul Ball, location: 2F
3-2: Base on Balls
Batting: LHB Mike Goff 0-0: Ball
1-0: Foul Ball, location: 2F
1-1: Swinging Strike
1-2: Strikes out swinging
Pedro Morales steals 2nd base
Batter strikes out.
Batting: RHB Luis Alomar 0-0: Ball
1-0: Swinging Strike
1-1: Foul Ball, location: 2F
1-2: Ball
2-2: Ball
3-2: Foul Ball, location: 2F
3-2: Reached on error, E5 (Groundball, 5L)
Pedro Morales to third
Batting: RHB Dave Henderson 0-0: Called Strike
0-1: Fly out, F6 (Line Drive, 6)
Batting: LHB José León 0-0: Called Strike
0-1: Foul Ball, location: 2F
0-2: Ball
1-2: Ground out 1-3 (Groundball, 13S)
Bottom of the 7th over - 0 runs, 0 hits, 1 error, 2 left on base; Pure Michigan 4 - Sioux Falls 0
TOP OF THE 8TH
Pure Michigan Great Lakers batting - Pitching for Sioux Falls Red Pandas : LHP Hwen-thiang Qin
Pitching: RHP Shigeko Sakoda
Batting: SHB Jesús Román 0-0: Ball
1-0: Ball
2-0: Swinging Strike
2-1: Called Strike
2-2: Ball
3-2: Fly out, F4 (Line Drive, 4)
Batting: LHB Yoichibei Sato 0-0: Ball
1-0: Called Strike
1-1: Ball
2-1: Foul Ball, location: 2F
2-2: Ball
3-2: Foul Ball, location: 2F
3-2: Foul Ball, location: 2F
3-2: Strikes out looking
Batting: RHB Martín Alejadre 0-0: Ball
1-0: Foul Ball, location: 2F
1-1: Ball
2-1: Foul Ball, location: 2F
2-2: Fly out, F3 (Popup, 3S)
Top of the 8th over - 0 runs, 0 hits, 0 errors, 0 left on base; Pure Michigan 4 - Sioux Falls 0
BOTTOM OF THE 8TH
Sioux Falls Red Pandas batting - Pitching for Pure Michigan Great Lakers : RHP Martín Flores
Batting: RHB Lorenzo Díaz 0-0: SINGLE (Groundball, 34D)
Batting: SHB Xavier Vásquez 0-0: Called Strike
0-1: Called Strike
0-2: Fielders Choice at 2nd, 4-6 (Groundball, 34)
Pitching: RHP Joseph Merle
Batting: LHB José Vargas 0-0: Swinging Strike
0-1: Swinging Strike
0-2: Ball
1-2: Foul Ball, location: 2F
1-2: Ground out 4-3 (Groundball, 4S)
Xavier Vásquez to second
Batting: LHB Augustus Driscoll 0-0: SINGLE (Groundball, 4) (infield hit)
Xavier Vásquez to third
Batting: RHB Pedro Morales 0-0: Ball
1-0: Fly out, F8 (Flyball, 8LXD)
Bottom of the 8th over - 0 runs, 2 hits, 0 errors, 2 left on base; Pure Michigan 4 - Sioux Falls 0
TOP OF THE 9TH
Pure Michigan Great Lakers batting - Pitching for Sioux Falls Red Pandas : RHP Shigeko Sakoda
Batting: LHB Josh Platt 0-0: Ball
1-0: Swinging Strike
1-1: Ball
2-1: Ball
3-1: Base on Balls
Batting: LHB Floyd Long 0-0: Called Strike
0-1: Hit by Pitch
Josh Platt to second
Batting: RHB Kenneth Noid 0-0: Called Strike
0-1: Grounds into double play, 6-4-3 (Groundball, 6)
Josh Platt to third
Batting: RHB Ramiro Gonzáles 0-0: Called Strike
0-1: Ground out 6-3 (Groundball, 6)
Top of the 9th over - 0 runs, 0 hits, 0 errors, 1 left on base; Pure Michigan 4 - Sioux Falls 0
BOTTOM OF THE 9TH
Sioux Falls Red Pandas batting - Pitching for Pure Michigan Great Lakers : RHP Joseph Merle
Batting: LHB Mike Goff 0-0: Ball
1-0: Ball
2-0: SINGLE (Groundball, 4D)
Batting: RHB Luis Alomar 0-0: SINGLE (Flyball, 8LM)
Mike Goff to second
Pitching: LHP I-tsing Ts'ong
Batting: RHB Dave Henderson 0-0: Ball
Balk!
Mike Goff to third
Luis Alomar to second
1-0: Foul Ball, location: 2F
1-1: Ball
2-1: Ball
3-1: Foul Ball, location: 2F
3-2: Base on Balls
Pinch Hitting: RHB Juan Aguirre 0-0: Called Strike
0-1: Called Strike
0-2: Grounds into double play, 4-6-3 (Groundball, 4)
Mike Goff scores
Luis Alomar to third
Batting: RHB Lorenzo Díaz 0-0: Swinging Strike
0-1: Ball
1-1: Swinging Strike
1-2: Foul Ball, location: 2F
1-2: SINGLE (Groundball, 34D)
Luis Alomar scores
Batting: SHB Xavier Vásquez 0-0: Ball
1-0: Foul Ball, location: 2F
1-1: DOUBLE (Line Drive, 7LM)
Lorenzo Díaz to third
Pinch Hitting: LHB Magali Lenidas 0-0: SINGLE (Flyball, 78M)
Lorenzo Díaz scores
Xavier Vásquez to third
Runner from 3rd tries for Home, SAFE, no throw
Batting: LHB Augustus Driscoll 0-0: Fly out, F7 (Flyball, 7S)
Bottom of the 9th over - 4 runs, 5 hits, 0 errors, 1 left on base; Pure Michigan 4 - Sioux Falls 4
TOP OF THE 10TH
Pure Michigan Great Lakers batting - Pitching for Sioux Falls Red Pandas : RHP Shigeko Sakoda
Pitching: RHP Miguel Cervantes
Now in LF: Juan Aguirre
Now in RF: Jorge Flores
Pinch Hitting: LHB Bartolo Benítez 0-0: Ball
1-0: Called Strike
1-1: Ball
2-1: Ground out 6-3 (Groundball, 6S)
Batting: LHB César Muñóz 0-0: Ball
1-0: Foul Ball, location: 2F
1-1: Foul Ball, location: 2F
1-2: Ball
2-2: SINGLE (Groundball, 34D)
Batting: SHB Jesús Román 0-0: Foul Ball, location: 2F
0-1: Ball
1-1: SINGLE (Line Drive, 8LS)
César Muñóz to second
Runner from 2nd tries for 3rd, OUT!
Batting: LHB Yoichibei Sato 0-0: Called Strike
Jesús Román steals 2nd base
0-1: Ball
1-1: Ball
2-1: Reached on error, E1 (Groundball, 13S)
Jesús Román to third
Batting: RHB Martín Alejadre 0-0: Ball
1-0: Called Strike
1-1: Fly out, F3 (Popup, 34S)
Top of the 10th over - 0 runs, 2 hits, 1 error, 2 left on base; Pure Michigan 4 - Sioux Falls 4
BOTTOM OF THE 10TH
Sioux Falls Red Pandas batting - Pitching for Pure Michigan Great Lakers : LHP I-tsing Ts'ong
Pitching: RHP Noah Shellenbarger
Now at 3B: Steve Hilburn
Pinch Hitting: LHB John Brewer 0-0: Ball
1-0: Ball
2-0: Foul Ball, location: 2F
2-1: Called Strike
2-2: Ball
3-2: DOUBLE (Line Drive, 8RD)
Batting: LHB Mike Goff 0-0: Intentional Walk
Batting: RHB Luis Alomar 0-0: Fly out, F6 (Line Drive, 6MS)
Batting: RHB Dave Henderson 0-0: Ball
1-0: Ball
2-0: Ball
3-0: Called Strike
3-1: Foul Ball, location: 2F
3-2: Base on Balls
John Brewer to third
Mike Goff to second
Batting: RHB Juan Aguirre 0-0: Ball
1-0: Foul Ball, location: 2F
1-1: Ball
2-1: Ball
3-1: Base on Balls
John Brewer scores
Mike Goff to third
Dave Henderson to second
Sunday, March 18th, 2018 - OOTP Baseball 18.8 Build 76